 Dungeon Crawl Stone Soup version 0.22.1-2-g9c5b331 (webtiles) character file.

165 ubloh the Ruffian (level 5, -6/32 HPs)
             Began as a Gargoyle Transmuter on Dec 30, 2018.
             Mangled by Sigmund
             ... wielding a +0 scythe of venom
              (10 damage)
             ... on level 3 of the Dungeon.
             The game lasted 00:12:28 (2702 turns).

ubloh the Ruffian (Gargoyle Transmuter)             Turns: 2702, Time: 00:12:29

Health: -6/32      AC: 10    Str: 14    XL:     5   Next: 46%
Magic:  3/8        EV: 11    Int: 14    God:
Gold:   118        SH:  0    Dex: 10    Spells: 0/8 levels left

rFire    + . .     SeeInvis .     - Unarmed
rCold    + . .     Gourm    .   (no shield)
rNeg     + . .     Faith    .   l - +0 ring mail
rPois    ∞         Spirit   .   b - +0 helmet
rElec    +         Reflect  .   m - scarf {rC+ rF+}
rCorr    .         Harm     .   (no gloves)
MR       .....                  (no boots)
Stlth    ..........             (no amulet)
HPRegen  0.10/turn              (no ring)
MPRegen  0.11/turn              (no ring)

@: very slightly contaminated
A: negative energy resistance 1, electricity resistance, unbreathing,
petrification resistance, rot immunity, AC +4
a: no special abilities


You were on level 3 of the Dungeon.
You were not hungry.

You visited 1 branch of the dungeon, and saw 3 of its levels.

You collected 118 gold pieces.

Inventory:

Missiles
 a - 11 arrows
Armour
 b - a +0 helmet (worn)
 l - a +0 ring mail (worn)
 m - a scarf of resistance (worn)
 n - a +0 scale mail
 s - a +0 scale mail
Jewellery
 o - an uncursed ring of protection from magic {unknown}
Wands
 r - a wand of disintegration (8)
Scrolls
 i - 6 scrolls of identify {unknown}
 k - a scroll of teleportation {unknown}
 p - a scroll of magic mapping {unknown}
 q - a scroll of enchant armour {unknown}
 t - a scroll of enchant weapon {unknown}
Potions
 e - a potion of haste {unknown}
 f - 2 potions of magic {unknown}
 g - 3 potions of might
 h - a potion of cancellation {unknown}
 j - a potion of agility {unknown}
Comestibles
 c - 4 chunks of flesh
 d - 4 rations


   Skills:
 + Level 3.1 Fighting
 - Level 2.0 Dodging
 * Level 5.0 Unarmed Combat
 - Level 2.0 Spellcasting
 - Level 1.5 Transmutations


You couldn't memorise any spells.
You knew the following spells:

 Your Spells              Type           Power        Failure   Level  Hunger
a - Beastly Appendage     Tmut           #.....       26%         1    ##.....
b - Sticks to Snakes      Tmut           #.......     36%         2    ###....
c - Blade Hands           Tmut           #.........   100%        5    ######.

Your spell library contained the following spells:

 Spells                   Type           Power        Failure   Level  Hunger
 Spider Form              Tmut/Pois      #.........   71%         3    ####...
 Ice Form                 Ice/Tmut       #.......     98%         4    #####..


Dungeon Overview and Level Annotations

Branches:
Dungeon (3/15)

Altars:

Annotations:
D:3 Sigmund


Innate Abilities, Weirdness & Mutations

You are resistant to torment.
Your stone body is resilient. (AC +4)
You are immune to poison.
You resist negative energy. (rN+)
You are resistant to electric shocks. (rElec)
You can survive without breathing.
You are immune to petrification.
You are immune to rotting.


Message History

Something hits you.
* * * LOW HITPOINT WARNING * * *
You miss something. Something hits you but does no damage.
You miss something. You closely miss something. Something hits you.
* * * LOW HITPOINT WARNING * * *
You closely miss something. You miss something.
Something hits you but does no damage.
You hit something. Something hits you but does no damage.
You miss something. You hit something. Your punch misses something.
Something completely misses you.
You closely miss something. You miss something. Something hits you.
* * * LOW HITPOINT WARNING * * *
You barely miss something. You punch something.
Something hits you but does no damage.
You miss something. You closely miss something. Something hits you!
You die...

..# >#........## #h#
#.##.#...... #.#
#.##.#..#.## ####h#
#.##.#.....) #....#
#.##.##.#.)#
#@#######..#.##.#..#
#.# #.............
#.#####.......#.#.##
#[{@..............(.
#..####.............
#..####(.......##.#.
#.....#........##...
##.##.#........###..
#.##.##.#...#.###..
#..................
####.#........###.#
#.#........# #.#


There were no monsters in sight!

Vanquished Creatures
  An orc priest (D:3)
  Terence (D:2)
  An adder (D:2)
  An ooze (D:1)
  A worm (D:2)
  3 dart slugs
  4 leopard geckos
  4 orcs (D:3)
  A ball python (D:1)
  3 giant cockroaches
  10 hobgoblins
  7 jackals
  3 quokkas
  11 bats
  3 frilled lizards
  11 goblins
  8 kobolds
  7 rats
80 creatures vanquished.

Notes
Turn   | Place    | Note
-------+----------+-------------------------------------------
     0 | D:1      | ubloh the Gargoyle Transmuter began the quest for the Orb.
     0 | D:1      | Reached XP level 1. HP: 12/12 MP: 3/3
   122 | D:1      | Reached XP level 2. HP: 9/16 MP: 3/5
   530 | D:1      | Learned a level 2 spell: Sticks to Snakes
   655 | D:1      | Reached XP level 3. HP: 21/21 MP: 4/6
  1155 | D:2      | Noticed Terence
  1229 | D:2      | Reached skill level 4 in Unarmed Combat
  1339 | D:2      | Reached XP level 4. HP: 12/26 MP: 5/7
  1845 | D:2      | Killed Terence
  2311 | D:3      | Reached XP level 5. HP: 31/31 MP: 6/8
  2477 | D:3      | Learned a level 5 spell: Blade Hands
  2556 | D:3      | Reached skill level 5 in Unarmed Combat
  2656 | D:3      | Noticed Sigmund
  2702 | D:3      | Mangled by Sigmund

Skill      XL: |  1  2  3  4  5 |
---------------+----------------+-----
Dodging        | 2 |  2.0
Fighting       | 2 3 |  3.1
Unarmed Combat | 4 5 |  5.0
Spellcasting   | |  2.0
Transmutations | |  1.5

Action                   |  1- 3 |  4- 6 || total
-------------------------+-------+-------++-------
Melee: Unarmed           |   185 |   145 ||   330
       Headbutt          |     7 |     1 ||     8
       Kick              |     4 |    10 ||    14
       Punch             |       |     5 ||     5
 Cast: Beastly Appendage |    11 |    11 ||    22
       Sticks to Snakes  |       |     1 ||     1
  Eat: Chunk             |     1 |     6 ||     7
Armor: Robe              |    85 |     7 ||    92
       Ring mail         |       |    48 ||    48
Dodge: Dodged            |   174 |    94 ||   268
